Blackhawks vs Rangers
Created - April 8, 2018 at 19:48
Goals
|
| Blackhawks |
0 |
1 |
2 |
3 |
| Rangers |
0 |
1 |
0 |
1 |
|
Shots
|
| Blackhawks |
4 |
13 |
12 |
29 |
| Rangers |
13 |
7 |
5 |
25 |
|
1st period
No Goal
Penalties :
No Penalty
2nd period
1. Rangers , Mike Cammalleri 13 (Staffan Kronwall 18, Matt Read 22) at 12:09
2. Blackhawks , Derick Brassard 32 (Antoine Roussel 42, Peter Regin 24) at 16:12
Penalties :
Spencer Machacek (Chi) for Tripping (Minor) at 1:03, Alex Tanguay (NYR) for Hooking (Minor) at 8:59, Denis Grebeshkov (Chi) for Interference (Minor) at 13:27, Stephen Weiss (NYR) for Interference (Minor) at 16:19, Peter Regin (Chi) for Hooking (Minor) at 19:16
3rd period
3. Blackhawks , Derick Brassard 33 (Antoine Roussel 43) at 3:41 (PP)
4. Blackhawks , Peter Regin 21 (Tyler Kennedy 11) at 16:24
Penalties :
Ryan Suter (NYR) for Roughing (Double Minor) at 3:38
Goalie Stats
Jimmy Howard (Chi), 24 saves from 25 shots - (0.960), W, 22-31-13, 60:00 minutes
Braden Holtby (NYR), 26 saves from 29 shots - (0.897), L, 14-9-2, 60:00 minutes
Players Stats for Blackhawks
Player Name G A P +/- PIM S H SB GA TA FO MP PP MP PK MP
------------------------------------------------------------------------------------
Antoine Roussel 0 2 2 1 0 2 1 0 0 0 2/3 19:24 3:12 3:27
Chad Larose 0 0 0 1 0 1 1 0 0 0 0/0 16:05 3:12 0:00
Dalton Prout 0 0 0 0 0 0 2 0 0 0 0/0 5:56 0:00 0:00
Denis Grebeshkov 0 0 0 0 2 1 0 0 0 0 0/0 20:27 2:44 1:32
Derick Brassard 2 0 2 1 0 8 2 0 0 0 11/22 22:02 3:03 3:24
Jaden Schwartz 0 0 0 0 0 1 1 0 0 0 0/0 9:29 0:00 1:35
Joni Pitkanen 0 0 0 0 0 1 0 0 0 0 0/0 22:21 3:16 3:36
Kevin Marshall 0 0 0 1 0 1 0 0 0 0 0/0 12:48 0:00 0:49
Kyle Brodziak 0 0 0 0 0 0 0 0 0 0 2/3 7:48 0:00 0:03
Ladislav Smid 0 0 0 0 0 1 1 1 0 2 0/0 21:23 2:44 2:21
Mike Green 0 0 0 0 0 1 1 0 2 3 0/0 25:19 3:11 3:36
Peter Regin 1 1 2 0 2 4 1 0 0 0 5/14 19:36 2:46 1:11
Spencer Machacek 0 0 0 0 2 2 1 0 0 0 1/1 13:21 0:00 0:00
Steve Ott 0 0 0 0 0 1 1 0 0 0 2/4 13:20 0:02 0:00
Taylor Pyatt 0 0 0 0 0 2 3 0 0 0 0/0 14:08 0:13 0:31
Tomas Fleischmann 0 0 0 0 0 1 1 0 0 1 0/0 19:59 2:46 1:43
Tomas Kaberle 0 0 0 1 0 2 1 0 1 2 0/0 12:42 0:05 0:00
Tyler Kennedy 0 1 1 0 0 0 1 0 0 0 0/1 17:52 2:46 0:00
Players Stats for Rangers
Player Name G A P +/- PIM S H SB GA TA FO MP PP MP PK MP
------------------------------------------------------------------------------------
Alex Tanguay 0 0 0 -1 2 1 1 0 0 0 0/2 17:00 2:21 0:41
Artem Anisimov 0 0 0 1 0 0 2 0 0 0 5/8 13:02 2:21 0:00
Cam Barker 0 0 0 0 0 0 0 2 0 2 0/0 25:07 3:18 3:44
Colten Teubert 0 0 0 0 0 0 1 0 0 1 0/0 17:29 0:00 0:00
Darren Reid 0 0 0 0 0 2 1 0 1 0 0/0 12:35 0:00 1:43
Jakob Silfverberg 0 0 0 -1 0 3 3 0 0 0 0/0 17:10 3:18 0:00
James Neal 0 0 0 -1 0 4 3 0 3 0 0/0 15:44 2:21 0:00
Mark Fistric 0 0 0 -2 0 0 1 2 0 0 0/0 22:29 2:39 3:44
Matt Greene 0 0 0 -2 0 1 0 1 1 0 0/0 17:58 0:00 2:16
Matt Read 0 1 1 1 0 4 1 0 0 0 0/1 17:52 3:36 3:12
Mike Cammalleri 1 0 1 1 0 5 1 0 1 0 0/1 14:17 2:39 0:24
Milan Lucic 0 0 0 -1 0 2 2 0 2 0 1/2 17:40 3:36 0:00
Nathan Gerbe 0 0 0 0 0 1 0 0 0 0 0/0 10:10 0:00 0:00
Ryan Suter 0 0 0 1 4 0 0 0 0 0 0/0 12:40 0:00 0:00
Sean Couturier 0 0 0 0 0 0 1 0 0 0 3/9 13:32 0:00 3:14
Staffan Kronwall 0 1 1 1 0 0 1 0 0 0 0/0 15:10 0:00 2:16
Stephen Weiss 0 0 0 -1 2 0 3 0 0 0 8/16 18:45 3:36 0:53
Valtteri Filppula 0 0 0 -1 0 2 0 0 0 0 8/9 15:17 0:00 1:53
3 Stars
1 - Derick Brassard (Chi)
2 - Jimmy Howard (Chi)
3 - Antoine Roussel (Chi)
Power Play
Blackhawks - 1 on 4 Attempt(s) - 25.00%
Rangers - 0 on 3 Attempt(s) - 0.00%
Penalty Kill
Blackhawks - 3 on 3 Attempt(s) - 100.00%
- Score 0 goal in Penalty Kill
Rangers - 3 on 4 Attempt(s) - 75.00%
- Score 0 goal in Penalty Kill
Team Stat
Blackhawks - Hits : 18 - Faceoff Wins : 23 - Blocked Shots : 1 - Penalty Minutes : 6
Rangers - Hits : 21 - Faceoff Wins : 25 - Blocked Shots : 5 - Penalty Minutes : 8
Official
Referees : Jackson Dave and Meier Brad
Linesman : Thor Nelson and Derek Nansen
Game Notes
No Game Note
Finance
Level 1 -- Attendance: 4903 (81.72%) -- Ticket Income $465,785
Level 2 -- Attendance: 3528 (70.56%) -- Ticket Income $211,680
Level 3 -- Attendance: 1760 (88.00%) -- Ticket Income $61,600
Level 4 -- Attendance: 3974 (99.35%) -- Ticket Income $99,350
Luxury Box -- Attendance: 754 (75.40%) -- Ticket Income $135,720
Game was played at the Madison Square Garden.
Total Attendance: 14919 (82.88%)
Total Ticket Income: $974,135
Other Income: $146,120
Total Income: $1,120,255
Blackhawks
5 vs 5 Forward
Center Left Wing Right Wing Time % Phy DF OF
1 Derick Brassard Antoine Roussel Chad Larose 40 1 2 2
2 Peter Regin Tomas Fleischmann Tyler Kennedy 30 1 2 2
3 Steve Ott Taylor Pyatt Spencer Machacek 20 1 2 2
4 Kyle Brodziak Jaden Schwartz Derick Brassard 10 1 2 2
5 vs 5 Defense
Defense Defense Time % Phy DF OF
1 Mike Green Joni Pitkanen 40 1 2 2
2 Denis Grebeshkov Ladislav Smid 30 1 2 2
3 Tomas Kaberle Kevin Marshall 20 1 2 2
4 Dalton Prout Mike Green 10 1 2 2
PowerPlay Forward
Center Left Wing Right Wing Time % Phy DF OF
1 Derick Brassard Antoine Roussel Chad Larose 60 1 2 2
2 Peter Regin Tomas Fleischmann Tyler Kennedy 40 1 2 2
PowerPlay Defense
Defense Defense Time % Phy DF OF
1 Mike Green Joni Pitkanen 60 1 2 2
2 Denis Grebeshkov Ladislav Smid 40 1 2 2
Penalty Kill 4 Players Forward
Center Wing Time % Phy DF OF
1 Derick Brassard Antoine Roussel 60 1 2 2
2 Peter Regin Tomas Fleischmann 40 1 2 2
Penalty Kill 4 Players Defense
Defense Defense Time % Phy DF OF
1 Mike Green Joni Pitkanen 60 1 2 2
2 Denis Grebeshkov Ladislav Smid 40 1 2 2
Penalty Kill - 3 Players Forward
Forward Time % Phy DF OF
1 Derick Brassard 60 1 2 2
2 Antoine Roussel 40 1 2 2
Penalty Kill - 3 Players Defense
Defense Defense Time % Phy DF OF
1 Mike Green Joni Pitkanen 60 1 2 2
2 Denis Grebeshkov Ladislav Smid 40 1 2 2
4 vs 4 Forward
Center Wing Time % Phy DF OF
1 Derick Brassard Antoine Roussel 60 1 2 2
2 Peter Regin Tomas Fleischmann 40 1 2 2
4 vs 4 Defense
Defense Defense Time % Phy DF OF
1 Mike Green Joni Pitkanen 60 1 2 2
2 Denis Grebeshkov Ladislav Smid 40 1 2 2
Last Minutes Offensive
Center Left Wing Right Wing Defense Defense
Derick Brassard Antoine Roussel Chad Larose Mike Green Joni Pitkanen
Last Minutes Defensive
Center Left Wing Right Wing Defense Defense
Derick Brassard Antoine Roussel Chad Larose Mike Green Joni Pitkanen
Goaltenders
Starting : Jimmy Howard
Backup : Al Montoya
Extra Forwards
Normal : Taylor Pyatt, Steve Ott, Jaden Schwartz - PP : Taylor Pyatt, Steve Ott - PK : Jaden Schwartz
Extra Defensemen
Normal : Tomas Kaberle, Kevin Marshall, Dalton Prout - PP : Tomas Kaberle - PK : Kevin Marshall, Dalton Prout
Penalty Shots
Derick Brassard, Antoine Roussel, Peter Regin, Tomas Fleischmann, Chad Larose
Scratches
Ryan Johansen (Suspend)
Rangers
5 vs 5 Forward
Center Left Wing Right Wing Time % Phy DF OF
1 Stephen Weiss Milan Lucic Jakob Silfverberg 40 1 2 2
2 Valtteri Filppula Alex Tanguay James Neal 30 1 2 2
3 Artem Anisimov Mike Cammalleri Matt Read 20 1 2 2
4 Sean Couturier Nathan Gerbe Darren Reid 10 1 2 2
5 vs 5 Defense
Defense Defense Time % Phy DF OF
1 Cam Barker Colten Teubert 40 1 2 2
2 Mark Fistric Matt Greene 30 1 2 2
3 Ryan Suter Staffan Kronwall 20 1 2 2
4 Cam Barker Mark Fistric 10 1 2 2
PowerPlay Forward
Center Left Wing Right Wing Time % Phy DF OF
1 Stephen Weiss Milan Lucic Matt Read 60 1 2 2
2 Artem Anisimov Alex Tanguay James Neal 40 1 2 2
PowerPlay Defense
Defense Defense Time % Phy DF OF
1 Jakob Silfverberg Cam Barker 60 1 2 2
2 Mike Cammalleri Mark Fistric 40 1 2 2
Penalty Kill 4 Players Forward
Center Wing Time % Phy DF OF
1 Sean Couturier Matt Read 60 1 2 2
2 Valtteri Filppula Darren Reid 40 1 2 2
Penalty Kill 4 Players Defense
Defense Defense Time % Phy DF OF
1 Cam Barker Mark Fistric 60 1 2 2
2 Matt Greene Staffan Kronwall 40 1 2 2
Penalty Kill - 3 Players Forward
Forward Time % Phy DF OF
1 Sean Couturier 60 1 2 2
2 Valtteri Filppula 40 1 2 2
Penalty Kill - 3 Players Defense
Defense Defense Time % Phy DF OF
1 Cam Barker Mark Fistric 60 1 2 2
2 Matt Greene Staffan Kronwall 40 1 2 2
4 vs 4 Forward
Center Wing Time % Phy DF OF
1 Sean Couturier Mike Cammalleri 60 1 2 2
2 Valtteri Filppula Matt Read 40 1 2 2
4 vs 4 Defense
Defense Defense Time % Phy DF OF
1 Cam Barker Colten Teubert 60 1 2 2
2 Mark Fistric Matt Greene 40 1 2 2
Last Minutes Offensive
Center Left Wing Right Wing Defense Defense
Stephen Weiss Milan Lucic James Neal Jakob Silfverberg Cam Barker
Last Minutes Defensive
Center Left Wing Right Wing Defense Defense
Sean Couturier Milan Lucic Matt Read Cam Barker Mark Fistric
Goaltenders
Starting : Braden Holtby
Backup : Henrik Lundqvist
Extra Forwards
Normal : Sean Couturier, Milan Lucic, Matt Read - PP : Valtteri Filppula, Sean Couturier - PK : Matt Read
Extra Defensemen
Normal : Cam Barker, Mark Fistric, Matt Greene - PP : Cam Barker - PK : Mark Fistric, Cam Barker
Penalty Shots
James Neal, Milan Lucic, Jakob Silfverberg, Alex Tanguay, Mike Cammalleri
Scratches
Alexei Emelin (Healthy), Patrik Nemeth (Healthy), Patrice Bergeron (Dislocated Patella Injury)
% Time on Ice - Blackhawks
Lines # - Real PCT - Wanted PCT - Time Play
Normal Forward
1 - 27% - 40% - 12:53
2 - 33% - 30% - 15:55
3 - 28% - 20% - 13:20
4 - 12% - 10% - 5:55
Normal Defense
1 - 34% - 40% - 16:17
2 - 33% - 30% - 15:42
3 - 24% - 20% - 11:24
4 - 10% - 10% - 4:40
PP Forward
1 - 54% - 60% - 3:14
2 - 46% - 40% - 2:46
PP Defense
1 - 54% - 60% - 3:16
2 - 46% - 40% - 2:44
PK Forward
1 - 71% - 60% - 4:14
2 - 29% - 40% - 1:43
PK Defense
1 - 61% - 60% - 3:36
2 - 39% - 40% - 2:21
PK3 Forward
1 - 0% - 60%
2 - 0% - 40%
PK3 Defense
1 - 0% - 60%
2 - 0% - 40%
44 Forward
1 - 0% - 60%
2 - 0% - 40%
44 Defense
1 - 0% - 60%
2 - 0% - 40%
Last Minute Offensive - 0:00
Last Minute Defensive - 0:00
Total
Forward - 60:00
Defense - 60:00
|
% Time on Ice - Rangers
Lines # - Real PCT - Wanted PCT - Time Play
Normal Forward
1 - 30% - 40% - 14:17
2 - 28% - 30% - 13:18
3 - 21% - 20% - 10:18
4 - 21% - 10% - 10:10
Normal Defense
1 - 38% - 40% - 18:08
2 - 33% - 30% - 15:50
3 - 26% - 20% - 12:33
4 - 3% - 10% - 1:32
PP Forward
1 - 61% - 60% - 3:36
2 - 39% - 40% - 2:21
PP Defense
1 - 55% - 60% - 3:18
2 - 45% - 40% - 2:39
PK Forward
1 - 71% - 60% - 4:17
2 - 29% - 40% - 1:43
PK Defense
1 - 62% - 60% - 3:44
2 - 38% - 40% - 2:16
PK3 Forward
1 - 0% - 60%
2 - 0% - 40%
PK3 Defense
1 - 0% - 60%
2 - 0% - 40%
44 Forward
1 - 0% - 60%
2 - 0% - 40%
44 Defense
1 - 0% - 60%
2 - 0% - 40%
Last Minute Offensive - 0:00
Last Minute Defensive - 0:00
Total
Forward - 60:00
Defense - 60:00
|
Play by Play
1st period
0:01 of 1st period - Derick Brassard wins face-off versus Stephen Weiss in neutral zone.
0:31 of 1st period - Snap shot by James Neal.
0:31 of 1st period - Stopped by Jimmy Howard without a rebound.
0:32 of 1st period - Valtteri Filppula wins face-off versus Peter Regin in Blackhawks zone.
1:08 of 1st period - Slapshot by Denis Grebeshkov.
1:08 of 1st period - Stopped by Braden Holtby with a rebound.
1:50 of 1st period - Wrist shot by Jakob Silfverberg.
1:50 of 1st period - Stopped by Jimmy Howard without a rebound.
1:51 of 1st period - Stephen Weiss wins face-off versus Peter Regin in Blackhawks zone.
1:56 of 1st period - Snap shot by Milan Lucic.
1:56 of 1st period - Shot Misses the Net.
2:14 of 1st period - Wrist shot by Peter Regin.
2:14 of 1st period - Stopped by Braden Holtby with a rebound.
2:25 of 1st period - Off-side.
2:26 of 1st period - Valtteri Filppula wins face-off versus Derick Brassard in neutral zone.
2:37 of 1st period - Snap shot by Alex Tanguay.
2:37 of 1st period - Stopped by Jimmy Howard without a rebound.
2:38 of 1st period - Valtteri Filppula wins face-off versus Derick Brassard in Blackhawks zone.
2:53 of 1st period - Snap shot by Derick Brassard.
2:53 of 1st period - Stopped by Braden Holtby without a rebound.
2:54 of 1st period - Artem Anisimov wins face-off versus Steve Ott in Rangers zone.
3:03 of 1st period - Wrist shot by Mike Cammalleri.
3:03 of 1st period - Stopped by Jimmy Howard without a rebound.
3:04 of 1st period - Artem Anisimov wins face-off versus Steve Ott in Blackhawks zone.
3:11 of 1st period - Wrist shot by Mike Cammalleri.
3:11 of 1st period - Stopped by Jimmy Howard with a rebound.
3:13 of 1st period - Wrist shot by Matt Read.
3:13 of 1st period - Stopped by Jimmy Howard without a rebound.
3:14 of 1st period - Derick Brassard wins face-off versus Stephen Weiss in Blackhawks zone.
3:14 of 1st period - Derick Brassard is hit by Colten Teubert.
3:49 of 1st period - Slapshot by Joni Pitkanen.
3:49 of 1st period - Deflect By Taylor Pyatt.
3:49 of 1st period - Stopped by Braden Holtby with a rebound.
3:51 of 1st period - Slapshot by Mike Green.
3:51 of 1st period - Shot Misses the Net.
3:53 of 1st period - Snap shot by Steve Ott.
3:53 of 1st period - Shot Misses the Net.
4:05 of 1st period - Wrist shot by Darren Reid.
4:05 of 1st period - Stopped by Jimmy Howard without a rebound.
4:06 of 1st period - Sean Couturier wins face-off versus Peter Regin in Blackhawks zone.
4:09 of 1st period - Wrist shot by Darren Reid.
4:09 of 1st period - Stopped by Jimmy Howard with a rebound.
4:42 of 1st period - Wrist shot by Nathan Gerbe.
4:42 of 1st period - Stopped by Jimmy Howard with a rebound.
6:19 of 1st period - Ladislav Smid is hit by Staffan Kronwall and loses puck.
6:44 of 1st period - Snap shot by Sean Couturier.
6:44 of 1st period - Shot Misses the Net.
7:47 of 1st period - Icing by Ryan Suter.
7:48 of 1st period - Derick Brassard wins face-off versus Sean Couturier in Rangers zone.
8:38 of 1st period - Wrist shot by James Neal.
8:38 of 1st period - Stopped by Jimmy Howard with a rebound.
8:55 of 1st period - Colten Teubert is hit by Taylor Pyatt and loses puck.
9:55 of 1st period - Snap shot by Mike Cammalleri.
9:55 of 1st period - Stopped by Jimmy Howard with a rebound.
10:11 of 1st period - Snap shot by James Neal.
10:11 of 1st period - Stopped by Jimmy Howard with a rebound.
11:11 of 1st period - Dalton Prout is hit by Alex Tanguay and loses puck.
11:22 of 1st period - Stephen Weiss is hit by Dalton Prout and loses puck.
11:53 of 1st period - Valtteri Filppula is hit by Antoine Roussel and loses puck.
13:18 of 1st period - James Neal is hit by Mike Green and loses puck.
13:39 of 1st period - Mike Green is hit by Milan Lucic and loses puck.
14:19 of 1st period - Icing by Jaden Schwartz.
14:20 of 1st period - Spencer Machacek wins face-off versus Valtteri Filppula in Blackhawks zone.
15:23 of 1st period - Icing by Chad Larose.
15:24 of 1st period - Kyle Brodziak wins face-off versus Artem Anisimov in Blackhawks zone.
15:24 of 1st period - Kyle Brodziak is hit by Mike Cammalleri.
18:37 of 1st period - Stephen Weiss is hit by Taylor Pyatt and loses puck.
19:09 of 1st period - Ryan Suter is hit by Peter Regin and loses puck.
19:36 of 1st period - Spencer Machacek is hit by Artem Anisimov and loses puck.
19:46 of 1st period - Icing by Artem Anisimov.
19:47 of 1st period - Stephen Weiss wins face-off versus Derick Brassard in Rangers zone.
19:57 of 1st period - Wrist shot by Milan Lucic.
19:57 of 1st period - Stopped by Jimmy Howard without a rebound.
19:58 of 1st period - Stephen Weiss wins face-off versus Peter Regin in Blackhawks zone.
Goals for this period are 0 for Blackhawks vs 0 for Rangers.
Shots for this period are 4 for Blackhawks vs 13 for Rangers.
2nd period
0:01 of 2nd period - Derick Brassard wins face-off versus Stephen Weiss in neutral zone.
0:04 of 2nd period - Slapshot by Joni Pitkanen.
0:04 of 2nd period - Stopped by Braden Holtby with a rebound.
0:06 of 2nd period - Slapshot by Joni Pitkanen.
0:06 of 2nd period - Shot Blocked by Cam Barker.
0:50 of 2nd period - Cam Barker is hit by Spencer Machacek and loses puck.
0:57 of 2nd period - Wrist shot by Matt Read.
0:57 of 2nd period - Shot Misses the Net.
1:03 of 2nd period - Minor Penalty to Spencer Machacek for Tripping.
1:04 of 2nd period - Derick Brassard wins face-off versus Milan Lucic in Blackhawks zone.
1:11 of 2nd period - Wrist shot by Derick Brassard.
1:11 of 2nd period - Stopped by Braden Holtby with a rebound.
1:17 of 2nd period - Mike Green is hit by Mark Fistric.
3:03 of 2nd period - Penalty to Spencer Machacek is over, Spencer Machacek is back on ice.
3:38 of 2nd period - Snap shot by Spencer Machacek.
3:38 of 2nd period - Deflect By Derick Brassard.
3:38 of 2nd period - Shot Misses the Net.
3:38 of 2nd period - Puck is out of play.
3:39 of 2nd period - Valtteri Filppula wins face-off versus Peter Regin in Rangers zone.
3:44 of 2nd period - Slapshot by Valtteri Filppula.
3:44 of 2nd period - Stopped by Jimmy Howard without a rebound.
3:45 of 2nd period - Valtteri Filppula wins face-off versus Peter Regin in Blackhawks zone.
3:59 of 2nd period - Icing by Kevin Marshall.
4:00 of 2nd period - Valtteri Filppula wins face-off versus Peter Regin in Blackhawks zone.
4:15 of 2nd period - Snap shot by Peter Regin.
4:15 of 2nd period - Shot Misses the Net.
4:17 of 2nd period - Wrist shot by Peter Regin.
4:17 of 2nd period - Stopped by Braden Holtby without a rebound.
4:18 of 2nd period - Antoine Roussel wins face-off versus Sean Couturier in Rangers zone.
4:23 of 2nd period - Snap shot by Derick Brassard.
4:23 of 2nd period - Stopped by Braden Holtby with a rebound.
4:25 of 2nd period - Slapshot by Antoine Roussel.
4:25 of 2nd period - Shot Misses the Net.
5:31 of 2nd period - Slapshot by Steve Ott.
5:31 of 2nd period - Shot Blocked by Mark Fistric.
5:43 of 2nd period - Cam Barker is hit by Tyler Kennedy and loses puck.
5:50 of 2nd period - Snap shot by Peter Regin.
5:50 of 2nd period - Shot Misses the Net.
5:52 of 2nd period - Snap shot by Kevin Marshall.
5:52 of 2nd period - Stopped by Braden Holtby with a rebound.
6:04 of 2nd period - Slapshot by Antoine Roussel.
6:04 of 2nd period - Deflect By Chad Larose.
6:04 of 2nd period - Stopped by Braden Holtby with a rebound.
6:10 of 2nd period - Alex Tanguay is hit by Chad Larose and loses puck.
6:58 of 2nd period - Slapshot by Tomas Kaberle.
6:58 of 2nd period - Stopped by Braden Holtby with a rebound.
7:00 of 2nd period - Slapshot by Tomas Kaberle.
7:00 of 2nd period - Stopped by Braden Holtby with a rebound.
7:54 of 2nd period - Wrist shot by Peter Regin.
7:54 of 2nd period - Shot Blocked by Mark Fistric.
8:43 of 2nd period - Mark Fistric is hit by Dalton Prout and loses puck.
8:59 of 2nd period - Minor Penalty to Alex Tanguay for Hooking.
9:00 of 2nd period - Sean Couturier wins face-off versus Derick Brassard in Rangers zone.
9:14 of 2nd period - Denis Grebeshkov is hit by Matt Read and loses puck.
10:45 of 2nd period - Slapshot by Matt Greene.
10:45 of 2nd period - Stopped by Jimmy Howard with a rebound.
10:59 of 2nd period - Penalty to Alex Tanguay is over, Alex Tanguay is back on ice.
11:08 of 2nd period - Tomas Kaberle is hit by Darren Reid and loses puck.
11:15 of 2nd period - Darren Reid is hit by Steve Ott and loses puck.
11:57 of 2nd period - Snap shot by Mike Cammalleri.
11:57 of 2nd period - Stopped by Jimmy Howard without a rebound.
11:58 of 2nd period - Peter Regin wins face-off versus Artem Anisimov in Blackhawks zone.
12:05 of 2nd period - Snap shot by Matt Read.
12:05 of 2nd period - Stopped by Jimmy Howard with a rebound.
12:07 of 2nd period - Slapshot by Staffan Kronwall.
12:07 of 2nd period - Shot Blocked by Ladislav Smid.
12:09 of 2nd period - Slapshot by Mike Cammalleri.
12:09 of 2nd period - Goal by Mike Cammalleri - Blackhawks : 0 - Rangers : 1.
12:10 of 2nd period - Derick Brassard wins face-off versus Stephen Weiss in neutral zone.
12:17 of 2nd period - Snap shot by Derick Brassard.
12:17 of 2nd period - Stopped by Braden Holtby without a rebound.
12:18 of 2nd period - Stephen Weiss wins face-off versus Derick Brassard in Rangers zone.
12:20 of 2nd period - Icing by Cam Barker.
12:21 of 2nd period - Derick Brassard wins face-off versus Stephen Weiss in Rangers zone.
13:27 of 2nd period - Minor Penalty to Denis Grebeshkov for Interference.
13:28 of 2nd period - Milan Lucic wins face-off versus Derick Brassard in Blackhawks zone.
13:31 of 2nd period - Slapshot by Milan Lucic.
13:31 of 2nd period - Shot Hit the Post.
13:33 of 2nd period - Slapshot by Jakob Silfverberg.
13:33 of 2nd period - Stopped by Jimmy Howard without a rebound.
13:34 of 2nd period - Stephen Weiss wins face-off versus Derick Brassard in Blackhawks zone.
13:37 of 2nd period - Slapshot by Milan Lucic.
13:37 of 2nd period - Stopped by Jimmy Howard with a rebound.
15:27 of 2nd period - Penalty to Denis Grebeshkov is over, Denis Grebeshkov is back on ice.
16:12 of 2nd period - Snap shot by Derick Brassard.
16:12 of 2nd period - Goal by Derick Brassard - Blackhawks : 1 - Rangers : 1.
16:13 of 2nd period - Antoine Roussel wins face-off versus Stephen Weiss in neutral zone.
16:19 of 2nd period - Minor Penalty to Stephen Weiss for Interference.
16:20 of 2nd period - Derick Brassard wins face-off versus Sean Couturier in Rangers zone.
17:23 of 2nd period - Off-side.
17:24 of 2nd period - Peter Regin wins face-off versus Sean Couturier in neutral zone.
18:19 of 2nd period - Penalty to Stephen Weiss is over, Stephen Weiss is back on ice.
18:25 of 2nd period - Staffan Kronwall is hit by Ladislav Smid and loses puck.
18:35 of 2nd period - Off-side.
18:36 of 2nd period - Steve Ott wins face-off versus Alex Tanguay in neutral zone.
18:59 of 2nd period - Kevin Marshall is hit by Stephen Weiss and loses puck.
19:16 of 2nd period - Minor Penalty to Peter Regin for Hooking.
19:17 of 2nd period - Derick Brassard wins face-off versus Stephen Weiss in Blackhawks zone.
19:26 of 2nd period - Slapshot by Antoine Roussel.
19:26 of 2nd period - Shot Misses the Net.
19:28 of 2nd period - Slapshot by Derick Brassard.
19:28 of 2nd period - Shot Blocked by Cam Barker.
19:30 of 2nd period - Slapshot by Mike Green.
19:30 of 2nd period - Stopped by Braden Holtby with a rebound.
19:32 of 2nd period - Snap shot by Antoine Roussel.
19:32 of 2nd period - Stopped by Braden Holtby with a rebound.
19:34 of 2nd period - Snap shot by Mike Green.
19:34 of 2nd period - Deflect By Derick Brassard.
19:34 of 2nd period - Stopped by Braden Holtby with a rebound.
19:44 of 2nd period - Alex Tanguay is hit by Derick Brassard and loses puck.
Goals for this period are 1 for Blackhawks vs 1 for Rangers.
Shots for this period are 13 for Blackhawks vs 7 for Rangers.
3rd period
0:01 of 3rd period - Stephen Weiss wins face-off versus Derick Brassard in neutral zone.
0:04 of 3rd period - Derick Brassard is hit by Stephen Weiss and loses puck.
0:27 of 3rd period - Joni Pitkanen is hit by Jakob Silfverberg.
0:31 of 3rd period - Mike Green is hit by James Neal and loses puck.
1:16 of 3rd period - Penalty to Peter Regin is over, Peter Regin is back on ice.
1:18 of 3rd period - Peter Regin is hit by James Neal and loses puck.
1:33 of 3rd period - Snap shot by Jaden Schwartz.
1:33 of 3rd period - Stopped by Braden Holtby without a rebound.
1:34 of 3rd period - Steve Ott wins face-off versus Sean Couturier in Rangers zone.
1:37 of 3rd period - Snap shot by Steve Ott.
1:37 of 3rd period - Deflect By Taylor Pyatt.
1:37 of 3rd period - Stopped by Braden Holtby without a rebound.
1:38 of 3rd period - Peter Regin wins face-off versus Sean Couturier in Rangers zone.
1:47 of 3rd period - Wrist shot by Tyler Kennedy.
1:47 of 3rd period - Shot Misses the Net.
3:38 of 3rd period - Double Minor Penalty to Ryan Suter for Roughing.
3:39 of 3rd period - Derick Brassard wins face-off versus Matt Read in Rangers zone.
3:39 of 3rd period - Slapshot by Antoine Roussel.
3:39 of 3rd period - Stopped by Braden Holtby with a rebound.
3:41 of 3rd period - Wrist shot by Derick Brassard.
3:41 of 3rd period - Goal by Derick Brassard - Blackhawks : 2 - Rangers : 1.
3:42 of 3rd period - Sean Couturier wins face-off versus Derick Brassard in neutral zone.
4:17 of 3rd period - Snap shot by Tomas Fleischmann.
4:17 of 3rd period - Stopped by Braden Holtby with a rebound.
5:41 of 3rd period - Penalty to Ryan Suter is over, Ryan Suter is back on ice.
5:54 of 3rd period - Steve Ott is hit by Jakob Silfverberg.
6:14 of 3rd period - Jaden Schwartz is hit by James Neal and loses puck.
6:42 of 3rd period - Antoine Roussel is hit by Sean Couturier and loses puck.
8:05 of 3rd period - Dalton Prout is hit by Stephen Weiss and loses puck.
8:59 of 3rd period - Ladislav Smid is hit by Artem Anisimov.
9:36 of 3rd period - Snap shot by James Neal.
9:36 of 3rd period - Shot Misses the Net.
9:38 of 3rd period - Wrist shot by James Neal.
9:38 of 3rd period - Stopped by Jimmy Howard without a rebound.
9:39 of 3rd period - Kyle Brodziak wins face-off versus Alex Tanguay in Blackhawks zone.
9:50 of 3rd period - Valtteri Filppula is hit by Jaden Schwartz.
9:59 of 3rd period - Off-side.
10:00 of 3rd period - Peter Regin wins face-off versus Stephen Weiss in neutral zone.
10:07 of 3rd period - Snap shot by Peter Regin.
10:07 of 3rd period - Stopped by Braden Holtby without a rebound.
10:08 of 3rd period - Stephen Weiss wins face-off versus Derick Brassard in Rangers zone.
10:34 of 3rd period - Icing by Milan Lucic.
10:35 of 3rd period - Valtteri Filppula wins face-off versus Peter Regin in Rangers zone.
11:10 of 3rd period - Slapshot by Derick Brassard.
11:10 of 3rd period - Stopped by Braden Holtby without a rebound.
11:11 of 3rd period - Valtteri Filppula wins face-off versus Peter Regin in Rangers zone.
11:22 of 3rd period - Wrist shot by James Neal.
11:22 of 3rd period - Deflect By Valtteri Filppula.
11:22 of 3rd period - Shot Misses the Net.
11:22 of 3rd period - Puck is out of play.
11:23 of 3rd period - Stephen Weiss wins face-off versus Antoine Roussel in Blackhawks zone.
11:49 of 3rd period - Alex Tanguay is hit by Tomas Fleischmann and loses puck.
12:17 of 3rd period - Wrist shot by Taylor Pyatt.
12:17 of 3rd period - Shot Misses the Net.
12:19 of 3rd period - Snap shot by Steve Ott.
12:19 of 3rd period - Stopped by Braden Holtby with a rebound.
12:21 of 3rd period - Slapshot by Ladislav Smid.
12:21 of 3rd period - Shot Blocked by Matt Greene.
12:57 of 3rd period - Wrist shot by Milan Lucic.
12:57 of 3rd period - Deflect By Jakob Silfverberg.
12:57 of 3rd period - Stopped by Jimmy Howard with a rebound.
13:37 of 3rd period - Artem Anisimov is hit by Derick Brassard and loses puck.
13:56 of 3rd period - Joni Pitkanen is hit by Jakob Silfverberg and loses puck.
14:29 of 3rd period - Icing by Ryan Suter.
14:30 of 3rd period - Artem Anisimov wins face-off versus Kyle Brodziak in Rangers zone.
14:45 of 3rd period - Wrist shot by Matt Read.
14:45 of 3rd period - Shot Misses the Net.
14:59 of 3rd period - Tomas Kaberle is hit by Milan Lucic and loses puck.
15:50 of 3rd period - Wrist shot by Spencer Machacek.
15:50 of 3rd period - Stopped by Braden Holtby with a rebound.
15:54 of 3rd period - Snap shot by Spencer Machacek.
15:54 of 3rd period - Stopped by Braden Holtby with a rebound.
15:56 of 3rd period - Slapshot by Ladislav Smid.
15:56 of 3rd period - Stopped by Braden Holtby without a rebound.
15:57 of 3rd period - Derick Brassard wins face-off versus Mike Cammalleri in Rangers zone.
16:24 of 3rd period - Wrist shot by Tyler Kennedy.
16:24 of 3rd period - Deflect By Peter Regin.
16:24 of 3rd period - Goal by Peter Regin - Blackhawks : 3 - Rangers : 1.
16:25 of 3rd period - Artem Anisimov wins face-off versus Derick Brassard in neutral zone.
17:21 of 3rd period - Cam Barker is hit by Taylor Pyatt and loses puck.
17:38 of 3rd period - Jakob Silfverberg is hit by Tomas Kaberle and loses puck.
19:13 of 3rd period - Slapshot by Matt Read.
19:13 of 3rd period - Stopped by Jimmy Howard without a rebound.
19:14 of 3rd period - Artem Anisimov wins face-off versus Tyler Kennedy in Blackhawks zone.
19:23 of 3rd period - Snap shot by Matt Read.
19:23 of 3rd period - Stopped by Jimmy Howard without a rebound.
19:24 of 3rd period - Peter Regin wins face-off versus Artem Anisimov in Blackhawks zone.
19:41 of 3rd period - Snap shot by Valtteri Filppula.
19:41 of 3rd period - Stopped by Jimmy Howard with a rebound.
Goals for this period are 2 for Blackhawks vs 0 for Rangers.
Shots for this period are 12 for Blackhawks vs 5 for Rangers.
Back to the Top